 Dungeon Crawl Stone Soup version 0.17-a0-1900-g45e8110 (webtiles) character file.

416 mcbry74 the Ruffian (level 6, -3/52 HPs)
             Began as a Draconian Monk on Sept 24, 2015.
             Killed by divine providence
             ... invoked by an orc priest
              (9 damage)
             ... on level 4 of the Dungeon.
             The game lasted 00:31:49 (5922 turns).

mcbry74 the Ruffian (Draconian Monk)                Turns: 5922, Time: 00:31:52

Health: -3/52      AC: 11    Str: 16    XL:     6   Next: 60%
Magic:  6/6        EV: 13    Int: 10    God:
Gold:   131        SH:  0    Dex: 13    Spells: 0 memorised, 5 levels left

rFire  + . .     SeeInvis .       - Unarmed
rCold  . . .     Clarity  .     (armour unavailable)
rNeg   . . .     SustAt   .     (no shield)
rPois  .         Gourm    .     (helmet restricted)
rElec  .         Spirit   .     c - +2 cloak {MR+}
rCorr  .         Warding  .     (no gloves)
rMut   .         Stasis   .     d - +1 pair of boots
MR     +....                    (no amulet)
Stlth  +.........               (no ring)
                                (no ring)

@: heavily drained, somewhat resistant to hostile enchantments, very unstealthy
A: unfitting armour, fire resistance 1, cold-blooded, AC +6
a: no special abilities


You were on level 4 of the Dungeon.
You were not hungry.

You visited 1 branch of the dungeon, and saw 4 of its levels.

You collected 131 gold pieces.

Inventory:

Armour
 c - a +2 cloak of magic resistance (worn)
 d - a +1 pair of boots (worn)
 f - a +0 cloak
Jewellery
 h - an uncursed ring of fire
 o - a +3 ring of slaying {unknown}
Magical devices
 l - a wand of magic darts (25)
 n - a wand of digging (0)
 r - a wand of draining (1)
Scrolls
 e - a scroll of remove curse {unknown}
 g - 2 scrolls of identify
 i - 2 scrolls of blinking {unknown}
 k - a scroll of enchant weapon {unknown}
 q - a scroll of noise {unknown}
Potions
 p - a potion of curing
Comestibles
 a - 4 bread rations
 b - a fruit
 j - 2 beef jerkies


   Skills:
 - Level 4.0(2.6) Fighting
 + Level 4.0(2.6) Dodging
 - Level 1.7(0.4) Stealth
 * Level 7.0(5.4) Unarmed Combat


You had 5 spell levels left.
You didn't know any spells.

Dungeon Overview and Level Annotations

Branches:
Dungeon (4/15)
 Temple: D:4-7

Altars:
Fedhas

Annotations:
D:4 Dowan, Duvessa


Innate Abilities, Weirdness & Mutations

Your plain brown scales are hard (AC +6).
Your body does not fit into most forms of armour.
You are cold-blooded and may be slowed by cold attacks.
Your flesh is heat resistant.


Message History

Duvessa hits you but does no damage.
You hit the orc priest.
Your tail-slap misses the orc priest.
The orc priest is lightly wounded.
Dowan gestures at you while chanting. The puff of frost hits you!
Duvessa hits you with a rapier. The orc priest misses you.
The orc wizard shouts!
Dowan casts a spell.
Dowan blinks!
Dowan casts a spell.
Dowan blinks!
Duvessa barely misses you.
The orc priest calls down the wrath of Beogh upon you.
Something smites you!
The orc priest invokes the aid of Beogh against you.
Something smites you!
* * * LOW HITPOINT WARNING * * *
Duvessa misses you.
The orc priest invokes the aid of Beogh against you.
Something smites you!
You die...

.......
....# #o.#
#..# #..#
#oo# #..#
#e.#
####@.#
#.....#
##.....#
#......##
#......[#
#.....<.#
#....<..##
##.(e...(.#
#(.....[.(#


You could see Duvessa, Dowan, 2 orc priests and an orc wizard.

Vanquished Creatures
  Crazy Yiuf (D:3)
  An orc priest (D:3)
  Ijyb (D:3)
  Natasha (thrice) (D:2)
  5 orc wizards
  3 adders
  4 oozes
  6 worms
  A giant gecko (D:2)
  10 orcs
  6 giant cockroaches
  13 goblins
  9 hobgoblins
  4 jackals (D:3)
  A quokka (D:3)
  3 ball pythons
  10 bats
  7 giant newts
  13 kobolds
  6 rats
107 creatures vanquished.

Vanquished Creatures (others)
  A fungus (D:3)
1 creature vanquished.

Grand Total: 108 creatures vanquished

Notes
Turn   | Place    | Note
--------------------------------------------------------------
     0 | D:1      | mcbry74 the Draconian Monk began the quest for the Orb.
     0 | D:1      | Reached XP level 1. HP: 19/19 MP: 1/1
   124 | D:1      | Reached XP level 2. HP: 21/26 MP: 2/2
   937 | D:1      | Reached XP level 3. HP: 31/33 MP: 3/3
  1119 | D:1      | Reached skill level 5 in Unarmed Combat
  1290 | D:1      | Reached XP level 4. HP: 16/40 MP: 4/4
  2012 | D:2      | Noticed Natasha
  2084 | D:2      | Killed Natasha
  2259 | D:2      | Reached XP level 5. HP: 46/46 MP: 5/5
  2569 | D:2      | Noticed Natasha
  2620 | D:2      | Killed Natasha
  2620 | D:2      | Reached skill level 6 in Unarmed Combat
  2926 | D:2      | Noticed Natasha
  2934 | D:2      | Killed Natasha
  4457 | D:3      | Gained mutation: Your flesh is heat resistant. [potion of beneficial mutation]
  4614 | D:3      | Noticed Crazy Yiuf
  4620 | D:3      | Killed Crazy Yiuf
  4620 | D:3      | Reached XP level 6. HP: 46/52 MP: 6/6
  5074 | D:3      | Noticed Ijyb
  5155 | D:3      | Killed Ijyb
  5500 | D:4      | Found a blossoming altar of Fedhas.
  5733 | D:4      | Reached skill level 7 in Unarmed Combat
  5905 | D:4      | Noticed Dowan
  5908 | D:4      | Noticed Duvessa
  5922 | D:4      | Killed from afar by an orc priest

Vault maps used:
D:1:      dpeg_arrival_more_subterranean_lakeside_camping, minmay_vboxes
D:2:      uniq_natasha
D:3:      first_bread, minmay_gold_behind_fungi, uniq_iyjb,
          uniq_crazy_yiuf_cottage
D:4:      minmay_temple_entry_statues_pillars, nicolae_ossuary_entry_monument,
          serial_park_tiny_2, fedhas_bush_and_centaur_altar, uniq_duvessa,
          uniq_edmund

Action                   |  1- 3 |  4- 6 || total
-------------------------+-------+-------++-------
Melee: Unarmed           |    97 |   307 ||   404
  Use: Potion            |       |     8 ||     8
       Scroll            |       |     3 ||     3
 Stab: Sleeping          |     4 |     1 ||     5
       Invisible         |       |     2 ||     2
  Eat: Chunk             |     1 |     8 ||     9
       Meat ration       |       |     1 ||     1
       Pizza             |       |     1 ||     1
       Fruit             |       |     1 ||     1
